 Dungeon Crawl Stone Soup version 0.31-a0-232-gb1c03b2570 (webtiles) character file.

Game seed: 1227285653018864278

122 qw the Shooter (level 4, -1/36 HPs)
             Began as a Minotaur Hexslinger on July 7, 2023.
             Slain by a scorpion (3 damage)
             ... on level 5 of the Dungeon.
             The game lasted 00:00:36 (1746 turns).

qw the Shooter (Minotaur Hexslinger)                Turns: 1746, Time: 00:00:36

Health: -1/36      AC:  6    Str: 13    XL:     4   Next: 78%
Magic:  4/4        EV: 11    Int: 10    God:
Gold:   113        SH:  0    Dex: 14    Spells: 4/5 levels left

rFire   . . .        Y - +1 sling
rCold   . . .        (no shield)
rNeg    . . .        b - +0 ring mail
rPois   .            (helmet restricted)
rElec   .            e - +0 cloak
rCorr   .            (no gloves)
SInv    .            (no boots)
Will    .....        (no amulet)
Stlth   +            (no ring)
HPRegen 0.26/turn    (no ring)
MPRegen 0.09/turn

%: no passive effects
@: no status effects
A: horns 2, retaliatory headbutt
a: no special abilities


You were on level 5 of the Dungeon.
You visited 1 branch of the dungeon, and saw 4 of its levels.

You collected 113 gold pieces.


Innate Abilities, Weirdness & Mutations

You have a pair of horns on your head.
You reflexively headbutt those who attack you in melee.


   Skills:
 + Level 2.0 Fighting
 - Level 5.2 Ranged Weapons
 - Level 1.0 Armour
 - Level 2.1 Dodging
 - Level 1.0 Spellcasting
 - Level 2.0 Hexes


You had 4 spell levels left.
You knew the following spells:

 Your Spells              Type           Power      Damage    Failure   Level
a - Slow                  Hex            16%        N/A       32%         1

Your spell library contained the following spells:

 Spells                   Type           Power      Damage    Failure   Level
 Inner Flame              Hex/Fire       2%         N/A       82%         3
 Portal Projectile        Hex/Tloc       4%         N/A       82%         3
 Cause Fear               Hex            2%         N/A       97%         4

Inventory:

Hand Weapons
 Y - a +1 sling (weapon)
Armour
 b - a +0 ring mail (worn)
 e - a +0 cloak (worn)
Jewellery
 f - a ring of fire
Scrolls
 c - a scroll of identify
Potions
 a - a potion of magic {unknown}
 d - a potion of mutation {unknown}
 i - a potion of degeneration {unknown}
 j - a potion of invisibility {unknown}

Dungeon Overview and Level Annotations

Branches:
Dungeon (3/15)

Altars:


Message History

The scorpion is lightly wounded.
The scorpion barely misses you.
You shoot a sling bullet.
The sling bullet closely misses the scorpion.
The scorpion stings you but does no damage.
The scorpion closely misses you.
You shoot a sling bullet.
The sling bullet barely misses the scorpion.
The scorpion completely misses you.
You shoot a sling bullet.
The sling bullet barely misses the scorpion.
The scorpion barely misses you. The scorpion stings you.
You are poisoned.
The scorpion poisons you!
You shoot a sling bullet. The sling bullet hits the scorpion.
The scorpion is moderately wounded.
You feel very sick. The scorpion stings you. The scorpion barely misses you.
You shoot a sling bullet.
The sling bullet barely misses the scorpion.
You feel sick.
The scorpion stings you but does no damage.
You shoot a sling bullet. The sling bullet hits the scorpion.
The scorpion is moderately wounded.
You feel sick. The scorpion barely misses you. You furiously retaliate!
You headbutt the scorpion. The scorpion stings you.
You shoot a sling bullet.
The sling bullet barely misses the scorpion.
You feel sick. The scorpion stings you.
You shoot a sling bullet.
The sling bullet closely misses the scorpion.
You feel sick. The scorpion closely misses you. You furiously retaliate!
You headbutt the scorpion. The scorpion barely misses you.
You furiously retaliate!
You headbutt the scorpion. You shoot a sling bullet.
The sling bullet hits the scorpion.
The scorpion is severely wounded.
You feel sick.
You are no longer poisoned.
The scorpion stings you.
You die...

#### ..# #:#
###.## ##
#....###...#
#.##.#......#
#..s@..####...#
####%### ##
.... #.##.## #
#.# ###


You could see a scorpion.

Vanquished Creatures
  A hound (D:5)
  5 adders
  2 worms
  2 dart slugs
  4 endoplasms
  2 giant cockroaches
  A goblin (D:1)
  5 hobgoblins
  2 quokkas
  2 ball pythons (D:1)
  4 bats
  2 frilled lizards
  5 kobolds
  4 rats
41 creatures vanquished.

Notes
Turn   | Place    | Note
-------+----------+-------------------------------------------
     0 | D:1      | qw the Minotaur Hexslinger began the quest for the Orb.
     0 | D:1      | Reached XP level 1. HP: 16/16 MP: 1/1
     0 | D:1      | 0 ||| qw: Version: 0.3-a-46-gb1f654a
     0 | D:1      | 0 ||| qw: Game counter: 2967
     0 | D:1      | 0 ||| qw: Melee chars always use a shield: true
     0 | D:1      | 0 ||| qw: God list: Okawaru
     0 | D:1      | 0 ||| qw: Allow faded altars: false
     0 | D:1      | 0 ||| qw: Do Orc after clearing Dungeon:15 true
     0 | D:1      | 0 ||| qw: Do second Lair branch before Depths: true
     0 | D:1      | 0 ||| qw: Lair rune preference: random
     0 | D:1      | 0 ||| qw: Goals: Normal
     0 | D:1      | 0 ||| PLANNING D:1-11
    99 | D:1      | Reached skill level 3 in Ranged Weapons
   106 | D:1      | Reached XP level 2. HP: 23/23 MP: 2/2
   423 | D:1      | Found a faded altar of an unknown god.
   580 | D:1      | 580 ||| UPGRADING to +0 cloak.
   585 | D:1      | 585 ||| READING scroll labelled ZITASI OLOUBIS.
   586 | D:1      | 586 ||| READING scroll labelled OMME NYCOKUI.
   630 | D:1      | 630 ||| READING scroll labelled BISYUG EDOE.
   631 | D:1      | 631 ||| DRINKING 2 fuming ruby potions.
   632 | D:1      | 632 ||| DROPPING scroll of poison.
   779 | D:2      | Reached XP level 3. HP: 29/29 MP: 3/3
   923 | D:2      | Reached skill level 4 in Ranged Weapons
  1009 | D:2      | HP: 6/29 [kobold/+0 spear (3)]
  1010 | D:2      | 1010 ||| DRINKING potion of heal wounds.
  1015 | D:2      | Reached XP level 4. HP: 22/36 MP: 4/4
  1019 | D:2      | HP: 9/36 [kobold/+0 spear (2)]
  1334 | D:2      | 1334 ||| UPGRADING to +0 ring mail.
  1344 | D:2      | 1344 ||| DROPPING +0 robe.
  1345 | D:2      | 1345 ||| DRINKING 2 metallic puce potions.
  1380 | D:2      | 1380 ||| DROPPING potion of lignification.
  1466 | D:3      | Reached skill level 1 in Armour
  1718 | D:3      | You fall into a shaft and drop 2 floors!
  1718 | D:5      | Entered Level 5 of the Dungeon
  1719 | D:5      | 1719 ||| PLANNING SEWER
  1728 | D:5      | Noticed a scorpion
  1734 | D:5      | Reached skill level 5 in Ranged Weapons
  1744 | D:5      | HP: 9/36 [poisoned by a scorpion]
  1744 | D:5      | HP: 3/36 [scorpion (6)]
  1746 | D:5      | Slain by a scorpion

Levels and vault maps discovered:
D:1:      amcnicky_arrival_flooded_fountain, layout_loops_ring,
          shapermc_ecumenical_altar_ellora
D:2:      layout_basic
D:3:      minmay_wonky_spiral, layout_basic, minmay_misc_feat_five,
          nrook_mini_vaults, minmay_pentomino_pile
D:5:      layout_loops_cross, nemelex_diamond_rough_becter,
          minmay_temple_entry_statues_pillars, portal_sewer_entry_d, uniq_ijyb

Skill      XL: |  1  2  3  4 |
---------------+-------------+-----
Ranged Weapons | 3 4 5 |  5.2
Fighting       | 2 |  2.0
Armour         | 1 |  1.0
Dodging        | |  2.1
Spellcasting   | |  1.0
Hexes          | |  2.0

Action                     |  1- 3 |  4- 6 || total
---------------------------+-------+-------++-------
   Fire: Sling             |    90 |    58 ||   148
    Use: Scroll            |     3 |       ||     3
         Potion            |     2 |     1 ||     3
 Armour: Robe              |    15 |     2 ||    17
         Ring mail         |       |    15 ||    15
  Dodge: Dodged            |    34 |    23 ||    57

Table legend:
 A = Non-vault XP
 B = Vault XP
 C = Vault XP percentage of total XP
 D = Non-vault monster count
 E = Vault monster count
 F = Vault count percentage of total count
                 A         B        C        D         E       F
            +---------+---------+-------+---------+---------+-------
      Total |     172 |       3 |   1.7 |      39 |       2 |   4.9
            +---------+---------+-------+---------+---------+-------
        D:1 |      22 |       0 |   0.0 |      13 |       0 |   0.0
        D:2 |      86 |       0 |   0.0 |      21 |       0 |   0.0
        D:3 |      22 |       3 |  12.0 |       4 |       2 |  33.3
        D:5 |      42 |       0 |   0.0 |       1 |       0 |   0.0
            +---------+---------+-------+---------+---------+-------
